 Dungeon Crawl Stone Soup version 0.27-a0-1381-g81fdcbfb23 (console) character file.

Game seed: 368165784558656637

1769844 FullyGoyle the Conqueror (level 27, 199/199 HPs)
             Began as a Gargoyle Fighter on June 21, 2021.
             Was the Champion of Qazlal.
             Escaped with the Orb
             ... and 3 runes on July 1, 2021!
             The game lasted 06:37:16 (67759 turns).

FullyGoyle the Conqueror (Gargoyle Fighter)        Turns: 67759, Time: 06:37:17

Health: 199/199    AC: 73    Str: 29    XL:     27
Magic:  30/30      EV: 10    Int: 27    God:    Qazlal [******]
Gold:   1239       SH: 28    Dex: 12    Spells: 26/26 levels left

rFire    + + +     SeeInvis +   a - +5 broad axe (vamp)
rCold    + + +     Faith    .   i - +2 shield of Resistance {rF++ rC++ Will++}
rNeg     + . .     Spirit   .   d - +10 gold dragon scales
rPois    ∞         Reflect  .   h - +2 helmet {Int+3}
rElec    +         Harm     .   e - +3 cloak of Neopovvohukk {rElec Regen+ Int+4}
rCorr    +         Rampage  +   g - +2 pair of gloves {Dex+3}
Will     ++++.     Clarity  +   f - +3 pair of boots of Follow the Leader {Rampage rElec rCorr}
Stlth    ..........             U - amulet of regeneration
HPRegen  2.43/turn              S - ring "Xopharch" {rF- rC+ Int+7 Dex+2 SInv}
MPRegen  0.22/turn              K - +4 ring of slaying

@: flying, studying Ice Magic, repel missiles
A: sickness immunity, AC +20, big wings, negative energy resistance 1,
electricity resistance, torment resistance 1, petrification resistance, hooves
1, camouflage 1, clarity, clumsy 1, fire resistance 1, low mp 1, inability to
read while threatened
0: Orb of Zot
}: 3/15 runes: decaying, silver, gossamer
a: Renounce Religion, Upheaval, Elemental Force, Disaster Area


You escaped.
You worshipped Qazlal.
Qazlal was exalted by your worship.
You visited 10 branches of the dungeon, and saw 50 of its levels.
You visited the Abyss 1 time.
You also visited: Ice Cave.

You collected 10700 gold pieces.
You spent 9461 gold pieces at shops.

Inventory:

Hand Weapons
 a - a +5 vampiric broad axe (weapon)
 b - the +11 broad axe "Itoorgh" {elec, rCorr Dex+4}
   (You bought it in a shop on level 2 of the Orcish Mines)

   Occasionally, upon striking a foe, it can discharge electrical energy and
   cause terrible harm.
   Dex:       It affects your dexterity (+4).
   rCorr:     It protects you from acid and corrosion.
 j - the +7 whip of a sewer {vorpal, rF+ SInv}
   (You found it on level 3 of the Spider Nest)

   It inflicts extra damage upon your enemies.
   rF:        It protects you from fire.
   SInv:      It lets you see invisible.
 k - a +0 war axe of flaming
 r - a +4 antimagic war axe
 x - a +3 war axe of holy wrath
 C - the +11 trident of Amortisation {vorpal, *Corrode rF+ Str+3 Dex+3}
   (You bought it in a shop on level 1 of the Elven Halls)

   It inflicts extra damage upon your enemies.
   Str:       It affects your strength (+3).
   Dex:       It affects your dexterity (+3).
   rF:        It protects you from fire.
   *Corrode:  It may corrode you when you take damage.
Missiles
 u - 61 boomerangs (quivered)
 E - 3 throwing nets
Armour
 d - +10 gold dragon scales (worn)
 e - the +3 cloak of Neopovvohukk (worn) {rElec Regen+ Int+4}
   (You found it on level 5 of the Vaults)

   Int:       It affects your intelligence (+4).
   rElec:     It insulates you from electricity.
   Regen:     It increases your rate of health regeneration.
 f - the +3 pair of boots of Follow the Leader (worn) {Rampage rElec rCorr}
   (You bought it in a shop on level 1 of the Elven Halls)

   rElec:     It insulates you from electricity.
   rCorr:     It protects you from acid and corrosion.
   Rampage:   It bestows one free step when moving towards enemies.
 g - a +2 pair of gloves of dexterity (worn)
 h - a +2 helmet of intelligence (worn)
 i - the +2 shield of Resistance (worn) {rF++ rC++ Will++}
   (You bought it in a shop on level 1 of the Elven Halls)

   rF:        It greatly protects you from fire.
   rC:        It greatly protects you from cold.
   Will:      It greatly increases your willpower.
Jewellery
 n - the ring "Bonetz" {+Blink rElec Will+ rCorr Str-2}
   (You found it in an ice cave)

   [ring of resist corrosion]

   Str:       It affects your strength (-2).
   rElec:     It insulates you from electricity.
   +Blink:    It lets you blink.
   rCorr:     It protects you from acid and corrosion.
   Will:      It increases your willpower.
 A - the ring "Motin" {AC+4 Dex+4}
   (You took it off a deep elf zephyrmancer on level 5 of the Depths)

   [ring of protection]

   AC:        It affects your AC (+4).
   Dex:       It affects your dexterity (+4).
 F - a ring of protection from fire
 K - a +4 ring of slaying (right hand)
 S - the ring "Xopharch" (left hand) {rF- rC+ Int+7 Dex+2 SInv}
   (You acquired it on level 1 of the Realm of Zot)

   [ring of see invisible]

   Int:       It affects your intelligence (+7).
   Dex:       It affects your dexterity (+2).
   rF:        It makes you vulnerable to fire.
   rC:        It protects you from cold.
   SInv:      It lets you see invisible.
 U - an amulet of regeneration (around neck)
Wands
 o - a wand of digging (27)
 y - a wand of iceblast (74)
 P - a wand of acid (59)
 T - a wand of mindburst (80)
Scrolls
 c - 4 scrolls of holy word
 m - a scroll of magic mapping
 p - 3 scrolls of silence
 q - 5 scrolls of identify
 D - 8 scrolls of fog
 H - 6 scrolls of blinking
 M - 20 scrolls of teleportation
 N - 6 scrolls of fear
 R - 4 scrolls of noise
 W - 5 scrolls of summoning
Potions
 l - 7 potions of resistance
 s - 5 potions of might
 t - 12 potions of haste
 v - 4 potions of mutation
 w - 10 potions of heal wounds
 z - 3 potions of ambrosia
 B - 6 potions of invisibility
 I - 7 potions of berserk rage
 J - 31 potions of curing
 O - 13 potions of magic
Miscellaneous
 V - a box of beasts
 X - a phantom mirror


   Skills:
 O Level 27 Fighting
 + Level 24.7 Axes
 + Level 22.7 Armour
 + Level 9.2 Dodging
 - Level 25.0 Shields
 - Level 15.0 Invocations


You had 26 spell levels left.
You didn't know any spells.
Your spell library contained the following spells:

 Spells                   Type           Power      Damage    Failure   Level
 Animate Skeleton         Necr           0%         N/A       69%         1
 Apportation              Tloc           0%         N/A       69%         1
 Corona                   Hex            0%         N/A       69%         1
 Foxfire                  Conj/Fire      0%         2x1d4     69%         1
 Freeze                   Ice            0%         1d3       69%         1
 Magic Dart               Conj           0%         1d3       69%         1
 Pain                     Necr           0%         1d4       69%         1
 Sandblast                Erth           0%         2d4       69%         1
 Shock                    Conj/Air       0%         1d3       69%         1
 Summon Small Mammal      Summ           0%         N/A       69%         1
 Blink                    Tloc           N/A        N/A       83%         2
 Call Imp                 Summ           0%         N/A       83%         2
 Corpse Rot               Necr/Air       N/A        N/A       83%         2
 Ensorcelled Hibernation  Hex/Ice        0%         N/A       83%         2
 Passwall                 Tmut/Erth      0%         N/A       83%         2
 Poisonous Vapours        Pois/Air       0%         N/A       83%         2
 Searing Ray              Conj           0%         3d3       83%         2
 Slow                     Hex            0%         N/A       83%         2
 Static Discharge         Conj/Air       0%         N/A       83%         2
 Confusing Touch          Hex            0%         N/A       96%         3
 Conjure Flame            Conj/Fire      0%         6-21      96%         3
 Dazzling Flash           Conj/Hex       0%         N/A       96%         3
 Frozen Ramparts          Ice            0%         1d2       96%         3
 Gell's Gravitas          Tloc           0%         N/A       96%         3
 Ignite Poison            Fire/Tmut/Pois 0%         N/A       96%         3
 Inner Flame              Hex/Fire       0%         N/A       96%         3
 Lesser Beckoning         Tloc           0%         N/A       96%         3
 Mephitic Cloud           Conj/Pois/Air  0%         N/A       96%         3
 Ozocubu's Armour         Ice            0%         N/A       96%         3
 Portal Projectile        Hex/Tloc       0%         N/A       96%         3
 Stone Arrow              Conj/Erth      0%         3d7       96%         3
 Swiftness                Air            0%         N/A       96%         3
 Teleport Other           Tloc           0%         N/A       96%         3
 Tukima's Dance           Hex            0%         N/A       96%         3
 Vampiric Draining        Necr           0%         2d6       96%         3
 Airstrike                Air            0%         N/A       100%        4
 Animate Armour           Summ/Erth      0%         N/A       100%        4
 Animate Dead             Necr           0%         N/A       100%        4
 Cause Fear               Hex            0%         N/A       100%        4
 Dispel Undead            Necr           0%         3d6       100%        4
 Fulminant Prism          Conj/Hex       0%         3d6       100%        4
 Hailstorm                Conj/Ice       0%         3d3       100%        4
 Iskenderun's Mystic Bla  Conj/Tloc      0%         2d3       100%        4
 Leda's Liquefaction      Hex/Erth       0%         N/A       100%        4
 Passage of Golubria      Tloc           N/A        N/A       100%        4
 Petrify                  Tmut/Erth      0%         N/A       100%        4
 Sticky Flame             Conj/Fire      0%         2d3       100%        4
 Summon Lightning Spire   Summ/Air       0%         N/A       100%        4
 Agony                    Necr           0%         N/A       100%        5
 Alistair's Intoxication  Tmut/Pois      0%         N/A       100%        5
 Bolt of Magma            Conj/Fire/Erth 0%         4d4       100%        5
 Borgnjor's Vile Clutch   Necr/Erth      0%         N/A       100%        5
 Excruciating Wounds      Necr           0%         N/A       100%        5
 Fireball                 Conj/Fire      0%         3d3       100%        5
 Freezing Cloud           Conj/Ice/Air   0%         6-21      100%        5
 Irradiate                Conj/Tmut      0%         3d13      100%        5
 Lee's Rapid Deconstruct  Erth           0%         3d5*      100%        5
 Lightning Bolt           Conj/Air       0%         1d11      100%        5
 Manifold Assault         Tloc           0%         N/A       100%        5
 Metabolic Englaciation   Hex/Ice        0%         N/A       100%        5
 Silence                  Hex/Air        0%         N/A       100%        5
 Summon Forest            Summ/Tloc      0%         N/A       100%        5
 Summon Mana Viper        Hex/Summ       0%         N/A       100%        5
 Yara's Violent Unravell  Hex/Tmut       0%         3d3       100%        5
 Conjure Ball Lightning   Conj/Air       0%         3x3d6     100%        6
 Eringya's Noxious Bog    Tmut/Pois      0%         N/A       100%        6
 Invisibility             Hex            0%         N/A       100%        6
 Iron Shot                Conj/Erth      0%         9d1       100%        6
 Shadow Creatures         Summ           N/A        N/A       100%        6
 Starburst                Conj/Fire      0%         8x6d3     100%        6
 Storm Form               Tmut/Air       0%         N/A       100%        7
 Summon Hydra             Summ           0%         N/A       100%        7
 Ignition                 Fire           0%         3d3       100%        8
 Polar Vortex             Ice            0%         N/A       100%        9
 Shatter                  Erth           0%         3d5*      100%        9
 Sublimation of Blood     Necr           Unusable   N/A       N/A         2
 Statue Form              Tmut/Erth      Unusable   N/A       N/A         6

Dungeon Overview and Level Annotations

Branches:
Dungeon (15/15)            Temple (1/1) D:4            Lair (6/6) D:11
  Swamp (4/4) Lair:3       Spider (4/4) Lair:2        Slime (0/5) Lair:6
    Orc (2/2) D:10            Elf (3/3) Orc:2        Vaults (5/5) D:14
  Crypt (0/3) Vaults:3     Depths (5/5) D:15            Zot (5/5) Depths:5
  IceCv (visited)

Altars:
Ashenzari
Cheibriados
Dithmenos
Elyvilon
Fedhas
Gozag
Hepliaklqana
Kikubaaqudgha
Makhleb
Nemelex Xobeh
Okawaru
Qazlal
Ru
Sif Muna
Trog
Uskayaw
Vehumet
Wu Jian
Xom
Yredelemnul
Zin
The Shining One
Beogh
Jiyva

Shops:
D:10 [*[(   D:13 :   Orc:2 (*!?[   Elf:1 (*[[(   Elf:2 ?   Vaults:4 *
Depths:1 [!!   Depths:2 =:[

Portals:
Hell: Depths:1 Depths:2 Depths:3 Depths:4 Depths:5
Abyss: Depths:4
Pandemonium: Depths:3 Depths:4
Ziggurat: Depths:5
Trove: Vaults:1 (give +4 demon blade)

Annotations:
D:10 exclusion: downstairs
Lair:6 1 runed translucent door, Bybenepn's ghost, adept HuAr


Innate Abilities, Weirdness & Mutations

You are immune to sickness and miasma.
Your stone body is resilient. (AC +20)
You are immune to poison.
Your large and strong wings let you fly.
You resist negative energy. (rN+)
You are resistant to electric shocks. (rElec)
You are resistant to unholy torment.
You are immune to petrification.
You have large cloven feet.
Your skin changes colour to match your surroundings (Stealth+).
You possess an exceptional clarity of mind.
You are clumsy. (Dex -2)
Your flesh is heat resistant. (rF+)
Your magical capacity is low. (-10% MP)
You sometimes lose the ability to read scrolls when taking damage.


Message History

(V) Vaults (C) Crypt (U) Depths (H) Hell (Z) Zot
Where to? (* - list waypoints, Enter - D:1, ? - help)
An Orb Guardian comes into view.
You rampage towards the Orb Guardian!
You block the Orb Guardian's attack. You block the Orb Guardian's attack. x2
You hit the Orb Guardian but do no damage.
The Orb Guardian hits you but does no damage.
You slash the Orb Guardian!
The Orb Guardian is lightly wounded.
You block the Orb Guardian's attack.
You hit the Orb Guardian but do no damage.
The Orb Guardian is lightly wounded.
The Orb Guardian hits you but does no damage.
You cut the Orb Guardian into ribbons!!!
The Orb Guardian is severely wounded.
You block the Orb Guardian's attack.
You chop the Orb Guardian into pieces!!!
You kill the Orb Guardian!
Qazlal accepts your kill.
(D) Dungeon (T) Temple (L) Lair (S) Swamp (N) Spider Nest (M) Slime Pits (O) Orcish Mines (E) Elven Halls (V) Vaults (C) Crypt (U) Depths (H) Hell (Z) Zot
Where to? (* - list waypoints, Enter - D:1, ? - help)
There is a stone staircase leading up here.
You fly upwards.
There is a stone staircase leading down here.
You see here an iguana skeleton.
You see here a +0 dagger.
There is a stone staircase leading up here.
You fly upwards.
There is a stone staircase leading down here.
There is a stone staircase leading up here.
You fly upwards.
There is a stone staircase leading down here.
There is a staircase leading out of the dungeon here.
Enter note: Woot!
You have escaped!

###.....##....#....###.##.# #.
8##....###...###....#####.## #.
..##...# #..## ###..# #..# #.
..8##..# #..# ##.## ##.# ##.
....##.# ##.## #..# #.####..
....8#.# #..## ##..# #.##....
.....'.# ##..####..######.#....#
....8#.# ##...##..#..........##
....##># #####.@..#######...####
..8###.# ##..####### #.........#
..##...###..##.# #####.........#
8##...###..##..###.............#
##..#)# #.##..##.............).#
....#.# #.##.###.#...#.........#
###.#.###.##.###.#...#.....>...#
# #.#.....##.##..#...#.........#
###.#####.##.##.##...#.........#


There were no monsters in sight!

Vanquished Creatures
  A dread lich (Vaults:5)
  Mara (D:15)
  An ancient lich (Zot:5)
  9 orbs of fire (Zot:5)
  Frederick (Vaults:5)
  4 Killer Klowns
  Saint Roka (Depths:5)
  2 curse toes
  2 caustic shrikes
  The ghost of Qebur the Peltast, a veteran OpIE of Sif Muna (Vaults:3)
  8 golden dragons
  The ghost of Bonn the Peltast, a veteran KoDe of Wu Jian (Vaults:3)
  Nikola (Depths:3)
  The ghost of Baqim the Severer, an adept MiBe of Trog (Vaults:2)
  A bone dragon (Vaults:3)
  3 electric golems
  A Tzitzimitl (Depths:1)
  The ghost of Ovifek the Warrior, an adept MiBe of Trog (Vaults:2)
  18 tentacled monstrosities
  The ghost of Mafumol the Earth Mage, an adept GrEE of Vehumet (Vaults:3)
  The ghost of Huerchoch the Genius of the Arcane, an adept GnCj of Sif Muna (Vaults:3)
  An Ice Fiend (D:15)
  6 liches
  12 quicksilver dragons
  29 Orb Guardians
  A deep elf blademaster (Elf:3)
  2 deep elf master archers (Elf:3)
  8 titans
  An Executioner (D:8)
  3 tentacled starspawn (Abyss:2)
  Frances (D:12)
  7 death cobs
  15 shadow dragons
  6 sphinxes
  10 storm dragons
  13 tengu reavers
  2 azure jellies (IceCv)
  A daeva (D:13)
  4 draconian monks
  A fenstrider witch (Swamp:1)
  11 frost giants
  10 draconian knights
  The ghost of Duqoann the Impaler, a journeyman DgWn (Spider:1)
  8 fire giants
  4 ghost moths
  A balrug (Depths:4)
  7 deep elf sorcerers
  29 vault wardens
  3 orc warlords
  3 emperor scorpions
  3 iron dragons (Depths:4)
  12 draconian scorchers
  10 draconian stormcallers
  7 deep elf elementalists
  2 war gargoyles
  4 draconian shifters
  3 draconian annihilators
  26 very ugly things
  A quicksilver ooze (IceCv)
  22 stone giants
  An angel (Abyss:2)
  A quicksilver ooze (shapeshifter) (Vaults:5)
  20 ironbound preservers
  A corrupter (D:4)
  2 lorocyprocas
  7 vampire knights
  6 bunyips
  11 green draconians
  2 black suns
  7 black draconians
  7 deep elf demonologists
  4 spark wasps
  9 red draconians
  3 dire elephants
  10 white draconians
  13 purple draconians
  6 entropy weavers
  8 deep elf annihilators
  9 yellow draconians
  An ettin (shapeshifter) (Vaults:5)
  10 deep elf death magi
  16 ettins
  12 crystal guardians
  3 eleionomae
  Snorg (D:13)
  A merfolk javelineer (Depths:4)
  A green death (Depths:3)
  A blizzard demon (D:14)
  The ghost of waddelsworth the Destroyer, a journeyman GnCj of Ashenzari (Lair:1)
  7 fire dragons
  2 jiangshi (Depths:1)
  A shambling mangrove (Swamp:4)
  9 great orbs of eyes
  13 yaktaur captains
  6 boulder beetles
  11 deep elf high priests
  3 ghost crabs
  6 ice dragons
  19 hydras
  3 rakshasas
  A hydra (shapeshifter) (Vaults:5)
  9 ironbound thunderhulks
  A hell beast (Depths:4)
  2 monstrous demonspawn
  The ghost of Nekam the Thaumaturge, a journeyman DEFE of Vehumet (D:14)
  47 vault guards
  7 ogre magi
  A death knight (D:15)
  4 catoblepae
  A spriggan air mage (Depths:5)
  6 alligators
  6 ironbound frosthearts
  14 two-headed ogres
  8 death scarabs (Spider:4)
  An anaconda (shapeshifter) (D:15)
  14 centaur warriors
  9 deep troll shamans
  A peacekeeper (Vaults:4)
  8 death yaks (Lair:6)
  13 deep troll earth magi
  7 tengu warriors
  5 vampire magi
  27 dancing weapons
  A thrashing horror (Abyss:2)
  9 spriggan berserkers
  4 orc high priests
  4 ironbound beastmasters
  12 deep elf knights
  A hell knight (D:15)
  Urug (Orc:1)
  2 soul eaters
  The ghost of sm0rk the Zephyrmancer, a novice DEAE of Vehumet (D:8)
  A sixfirhy (D:7)
  2 goliath frogs
  12 iron trolls
  A wretched star (Abyss:2)
  A gelid demonspawn (D:5)
  31 deep trolls
  A torturous demonspawn (D:5)
  A quicksilver dragon simulacrum (Depths:4)
  2 spriggan druids
  12 deep elf archers
  4 large abominations
  20 ironbound convokers
  12 wizards
  8 bog bodies
  A flayed ghost (Depths:4)
  3 glowing orange brains
  2 obsidian statues
  11 phantasmal warriors
  4 necromancers
  An orange crystal statue (Depths:3)
  5 swamp dragons
  4 spectral wolf spiders
  6 lindwurms
  11 orc knights
  4 wolf spider zombies (Spider:4)
  23 wolf spiders
  58 ugly things
  18 orb spiders
  24 deep elf zephyrmancers
  A tengu skeleton (Vaults:4)
  2 orc sorcerers
  27 deep elf pyromancers
  18 cyclopes
  5 manticores
  A will-o-the-wisp (Swamp:4)
  A wolf spider (shapeshifter) (Vaults:4)
  Maurice (D:13)
  24 moths of wrath
  A manticore (shapeshifter) (Depths:5)
  A torpor snail (shapeshifter) (Vaults:2)
  4 elephants (Lair:6)
  5 black mambas
  A guardian serpent (shapeshifter) (Depths:2)
  32 vault sentinels
  An ice statue (IceCv)
  2 rust devils
  An eye of devastation (shapeshifter) (D:15)
  2 gargoyles
  A smoke demon (Abyss:2)
  An unseen horror (D:11)
  7 torpor snails
  16 cane toads
  6 rime drakes
  17 komodo dragons
  3 freezing wraiths
  A kobold demonologist (D:8)
  57 yaktaurs
  3 tengu conjurers
  4 spectral redbacks (Spider:4)
  17 demonic crawlers
  An ice devil (D:14)
  2 ancient zymes (Abyss:2)
  2 redback zombies (Spider:4)
  A bloated husk (Swamp:1)
  2 entropy weaver simulacra (IceCv)
  A polar bear (Lair:6)
  2 very ugly thing simulacra (IceCv)
  A polar bear (shapeshifter) (Depths:5)
  A queen bee (shapeshifter) (Vaults:5)
  11 trolls
  2 hydra zombies (Swamp:3)
  7 spectral tarantellas (Spider:4)
  A wolf spider simulacrum (D:14)
  28 jumping spiders
  7 tyrant leeches
  21 hornets
  A jumping spider zombie (Spider:4)
  3 spectral jumping spiders (Spider:4)
  Prince Ribbit (D:8)
  64 slime creatures
  33 blink frogs
  9 dream sheep
  A slime creature (shapeshifter) (Elf:1)
  A dream sheep (shapeshifter) (Depths:1)
  An air elemental (Elf:1)
  5 centaur simulacra (D:14)
  A spriggan (shapeshifter) (Vaults:5)
  3 wraiths
  Sigmund (D:3)
  2 shadows
  38 tarantellas
  12 water elementals
  68 redbacks
  A yak (shapeshifter) (D:14)
  5 spriggans
  2 tarantellas (shapeshifter) (D:13)
  3 wyverns
  2 ynoxinuls
  2 hogs (shapeshifter) (Vaults:5)
  5 basilisks
  Eustachio (D:4)
  44 yaks
  5 fire elementals
  A neqoxec (Depths:3)
  2 steam dragons
  5 vampire mosquitoes (D:12)
  A warg (shapeshifter) (Vaults:5)
  A naga (shapeshifter) (Vaults:3)
  17 swamp worms
  5 acid dragons
  3 demonic crawler simulacra (IceCv)
  11 wargs
  6 floating eyes
  10 water moccasins
  A meliai simulacrum (D:14)
  2 spectral hornets (Spider:4)
  12 ice beasts
  4 black bears
  A hornet zombie (Spider:4)
  53 orc warriors
  10 swamp drakes
  4 small abominations (Abyss:2)
  A sky beast (D:6)
  5 ugly thing simulacra (IceCv)
  A necrophage (D:7)
  15 centaurs
  5 boggarts
  4 wolves (Orc:1)
  A human skeleton (Vaults:4)
  An ogre (shapeshifter) (Depths:2)
  21 ogres
  4 kobold brigands
  15 bullfrogs
  3 gnoll sergeants (D:7)
  2 scorpions
  3 earth elementals
  2 glowing shapeshifter simulacra (IceCv)
  A wyvern skeleton (D:9)
  A water moccasin skeleton (D:5)
  15 killer bees
  A human simulacrum (Vaults:4)
  A wight (Abyss:2)
  12 howler monkeys
  4 electric eels
  A spectral centaur (D:9)
  2 lava snakes (D:10)
  5 centaur zombies
  A jelly (D:5)
  5 centaur skeletons
  26 orc priests
  10 hounds
  Crazy Yiuf (D:4)
  A bullfrog skeleton (D:4)
  An iron imp (Abyss:2)
  Jessica (D:2)
  2 gnoll shamans (D:7)
  7 hell rats (Lair:5)
  38 orc wizards
  5 iguanas
  A hound zombie (D:5)
  A hound skeleton (D:5)
  12 gnolls
  6 adders
  2 white imps
  2 ufetubi
  2 worms (D:2)
  3 dart slugs
  90 orcs
  8 ball pythons
  7 bats
  3 endoplasms
  5 giant cockroaches
  8 goblins
  10 hobgoblins
  13 jackals
  6 quokkas
  2 frilled lizards
  21 kobolds
  11 rats
  A butterfly (Lair:4)
2369 creatures vanquished.

Vanquished Creatures (collateral kills)
  An entropy weaver (Spider:4)
  An ettin (Orc:1)
  3 hydras
  A wolf spider zombie (Spider:4)
  A wolf spider (Spider:3)
  2 orb spiders (Spider:1)
  A demonic crawler (Spider:3)
  2 jumping spiders
  A hornet (Spider:4)
  A redback (Spider:1)
  A tarantella (Spider:3)
  An ice beast (Orc:1)
  A black bear (D:8)
  An orc priest (Orc:1)
  2 orcs (Orc:1)
20 creatures vanquished.

Vanquished Creatures (others)
  An ancient lich (Vaults:5)
  A dread lich (Vaults:2)
  A Killer Klown (Zot:5)
  Asterion (Vaults:1)
  A death cob (Zot:5)
  A ghost moth (Zot:3)
  A draconian shifter (Zot:1)
  An ironbound preserver (Vaults:5)
  A deep elf high priest (Vaults:2)
  A vampire mage (Depths:4)
  3 deep elf knights
  A goliath frog (Swamp:2)
  A deep elf zephyrmancer (Elf:2)
  A wizard (Vaults:1)
  A phantasmal warrior (Vaults:3)
  An orb spider (Spider:4)
  2 demonic crawlers
  A jumping spider (Spider:3)
  A tyrant leech (Swamp:2)
  A bloated husk (Swamp:4)
  2 large abominations
  A swamp worm (Swamp:3)
  An orc warrior (Orc:2)
  A boggart (Elf:1)
  A kobold brigand (D:11)
  An orc wizard (D:6)
  11 bushes
  5 foxfires (Swamp:4)
  41 fungi
  66 plants
  4 starspawn tentacles (Abyss:2)
157 creatures vanquished.

Grand Total: 2546 creatures vanquished

Notes
Turn   | Place    | Note
-------+----------+-------------------------------------------
     0 | D:1      | FullyGoyle the Gargoyle Fighter began the quest for the
                  | Orb.
     0 | D:1      | Reached XP level 1. HP: 14/14 MP: 1/1
   210 | D:1      | Reached XP level 2. HP: 9/19 MP: 2/2
   751 | D:1      | Reached XP level 3. HP: 23/23 MP: 3/3
  1426 | D:2      | Identified a scroll of acquirement
  1426 | D:2      | Acquired a +3 vampiric broad axe
  1621 | D:2      | Reached XP level 4. HP: 18/28 MP: 4/4
  1831 | D:2      | Noticed Jessica
  1835 | D:2      | Killed Jessica
  2463 | D:2      | Reached XP level 5. HP: 29/32 MP: 5/5
  2819 | D:3      | Noticed Sigmund
  2998 | D:3      | Found a faded altar of an unknown god.
  3372 | D:3      | Killed Sigmund
  3373 | D:3      | Reached skill level 5 in Axes
  3373 | D:3      | Reached XP level 6. HP: 37/37 MP: 6/6
  3462 | D:3      | Acquired a manual of Axes
  3486 | D:3      | Found a white marble altar of Elyvilon.
  4503 | D:4      | Noticed Eustachio
  4598 | D:4      | Found a hazy altar of Hepliaklqana.
  4617 | D:4      | Found a staircase to the Ecumenical Temple.
  4629 | Temple   | Entered the Ecumenical Temple
  4919 | Temple   | Became a worshipper of Qazlal Stormbringer
  5000 | D:4      | Killed Eustachio
  5001 | D:4      | Reached XP level 7. HP: 38/42 MP: 7/7
  5119 | D:4      | Found a snail-covered altar of Cheibriados.
  5378 | D:4      | You fall into a shaft and drop 3 floors!
  5390 | D:7      | Found a bloodstained altar of Trog.
  5410 | D:5      | Entered Level 5 of the Dungeon
  5762 | D:5      | Found an ancient bone altar of Kikubaaqudgha.
  5850 | D:4      | Found a runed translucent door.
  5851 | D:4      | Noticed Crazy Yiuf
  5861 | D:4      | Killed Crazy Yiuf
  6028 | D:5      | Reached XP level 8. HP: 48/48 MP: 8/8
  6047 | D:5      | Reached skill level 1 in Invocations
  6953 | D:6      | Reached skill level 4 in Fighting
  6982 | D:6      | Reached skill level 10 in Axes
  6982 | D:6      | Reached skill level 5 in Armour
  7187 | D:6      | Found an ornate altar of the Wu Jian Council.
  7312 | D:6      | Noticed a +0 hand axe
  7313 | D:6      | Found a hide-covered altar of Uskayaw.
  7313 | D:6      | Noticed a +0 dagger
  7496 | D:6      | Reached * piety under Qazlal
  7500 | D:6      | Reached skill level 5 in Shields
  7502 | D:6      | Reached XP level 9. HP: 50/52 MP: 10/10
  8314 | D:7      | Reached ** piety under Qazlal
  8740 | D:7      | Noticed a troll
  8765 | D:7      | Killed a troll
  8771 | D:7      | Reached skill level 1 in Dodging
  8845 | D:7      | Reached XP level 10. HP: 51/58 MP: 12/12
  9518 | D:7      | Found a burning altar of Makhleb.
  9539 | D:7      | Found an iron altar of Okawaru.
  9544 | D:7      | Found a blossoming altar of Fedhas.
  9647 | D:8      | Noticed Prince Ribbit
  9661 | D:8      | Killed Prince Ribbit
  9786 | D:8      | Noticed a kobold demonologist
  9803 | D:8      | Noticed a rust devil
  9815 | D:8      | Killed a kobold demonologist
  9816 | D:8      | Reached skill level 5 in Fighting
 10032 | D:8      | Found a transporter.
 10040 | D:8      | Noticed a moth of wrath
 10135 | D:8      | Found a transporter.
 10241 | D:8      | Noticed sm0rk's ghost (novice DEAE)
 10362 | D:9      | Reached *** piety under Qazlal
 10417 | D:9      | Reached XP level 11. HP: 64/64 MP: 14/14
 10458 | D:9      | Noticed a four-headed hydra
 10476 | D:9      | Killed a four-headed hydra
 10652 | D:9      | Found an opulent altar of Gozag.
 10653 | D:9      | Found a sparkling altar of Nemelex Xobeh.
 10723 | D:9      | Found a glowing golden altar of the Shining One.
 10852 | D:9      | Identified the +1 ring mail "Mysatick" {rPois rN+ Slay+5}
 10935 | D:10     | Entered Level 10 of the Dungeon
 10971 | D:10     | Reached skill level 5 in Invocations
 11189 | D:10     | Found Acykowa's General Store.
 11214 | D:10     | Noticed a two-headed ogre
 11229 | D:10     | Killed a two-headed ogre
 11245 | D:10     | Noticed a two-headed ogre
 11253 | D:10     | Killed a two-headed ogre
 11290 | D:10     | Found Ozoje's Antique Armour Boutique.
 11355 | D:10     | Found Ynny's Antique Armour Emporium.
 11441 | D:10     | Found Haywneskabe's Antique Weapon Emporium.
 11499 | D:10     | Found a staircase to the Orcish Mines.
 11710 | D:10     | Noticed a two-headed ogre
 11721 | D:10     | Killed a two-headed ogre
 11722 | D:10     | Reached skill level 15 in Axes
 12229 | D:10     | Bought a pair of pitted boots for 294 gold pieces
 12229 | D:10     | Identified the +2 pair of boots of Puwkuut {Fly} (You
                  | bought it in a shop on level 10 of the Dungeon)
 12294 | D:11     | Noticed a two-headed ogre
 12303 | D:11     | Killed a two-headed ogre
 12353 | D:11     | Noticed an obsidian statue
 12406 | D:11     | Noticed a cyclops
 12414 | D:11     | Killed a cyclops
 12424 | D:11     | Reached skill level 6 in Fighting
 12425 | D:11     | Noticed a two-headed ogre
 12442 | D:11     | Killed a two-headed ogre
 12443 | D:11     | Reached XP level 12. HP: 19/70 MP: 11/16
 12748 | D:11     | Found a staircase to the Lair.
 12929 | D:11     | Noticed a two-headed ogre
 12934 | D:11     | Killed a two-headed ogre
 13332 | D:11     | Noticed a six-headed hydra
 13338 | D:11     | Killed a six-headed hydra
 13339 | D:11     | Reached skill level 10 in Shields
 13695 | Lair:1   | Entered Level 1 of the Lair of Beasts
 13736 | Lair:1   | Found a runed translucent gate.
 13736 | Lair:1   | Found a runed translucent gate.
 13736 | Lair:1   | Found a runed translucent gate.
 13736 | Lair:1   | Noticed waddelsworth's ghost (journeyman GnCj)
 14817 | Lair:2   | Found a hole to the Spider Nest.
 15236 | Lair:2   | Reached XP level 13. HP: 71/76 MP: 18/18
 15551 | Lair:3   | Reached skill level 7 in Fighting
 15770 | Lair:3   | Reached **** piety under Qazlal
 16187 | Lair:3   | Found a staircase to the Swamp.
 17649 | Lair:5   | You are sucked into a shaft and drop 1 floor!
 17649 | Lair:6   | Entered Level 6 of the Lair of Beasts
 17675 | Lair:5   | Gained mutation: Your large and strong wings let you fly.
                  | [Gargoyle growth]
 17675 | Lair:5   | Reached XP level 14. HP: 83/83 MP: 20/20
 18530 | Lair:6   | Acquired a manual of Invocations
 18641 | Lair:6   | Reached skill level 8 in Fighting
 18759 | Lair:6   | Found a viscous altar of Jiyva.
 18759 | Lair:6   | Found a staircase to the Slime Pits.
 18794 | Lair:6   | Reached skill level 10 in Armour
 19215 | Lair:6   | Reached ***** piety under Qazlal
 19569 | Lair:6   | Found a runed translucent door.
 19772 | Lair:6   | Found a runed translucent door.
 19773 | Lair:6   | Noticed Bybenepn's ghost (adept HuAr)
 20705 | D:8      | Reached XP level 15. HP: 89/89 MP: 15/22
 20715 | D:8      | Killed sm0rk's ghost
 20716 | D:8      | Identified the ring "Fafikh" {AC+4 Int+8}
 20929 | D:12     | Noticed Frances
 20956 | D:12     | Killed Frances
 21029 | D:12     | Reached skill level 10 in Invocations
 21830 | D:13     | Noticed Maurice
 21844 | D:13     | Killed Maurice
 21998 | D:13     | Noticed Snorg
 22020 | D:13     | Killed Snorg
 22172 | D:13     | Found Fonimusu's Book Shop.
 22599 | Orc:1    | Entered Level 1 of the Orcish Mines
 22622 | Orc:1    | Paralysed by something for 3 turns
 22623 | Orc:1    | Reached skill level 9 in Fighting
 22631 | Orc:1    | Gained mutation: You are frail. (-10% HP) [a neqoxec]
 22648 | Orc:1    | Found a frozen archway.
 22698 | IceCv    | Entered an ice cave
 22937 | IceCv    | Reached skill level 15 in Shields
 23039 | IceCv    | Reached ****** piety under Qazlal
 23056 | IceCv    | Noticed an azure jelly
 23062 | IceCv    | Killed an azure jelly
 23072 | IceCv    | Noticed an azure jelly
 23085 | IceCv    | Killed an azure jelly
 23086 | IceCv    | Reached skill level 10 in Fighting
 23091 | IceCv    | Found a viscous altar of Jiyva.
 23110 | IceCv    | Identified Sif Muna's Grimoire of the Glacier
 23115 | IceCv    | Got the ring "Arireful" {rC+ Dex+3}
 23118 | IceCv    | Identified the ring "Bonetz" {+Blink rElec Will+ rCorr
                  | Str-2}
 23120 | IceCv    | Identified the Grimoire of Ice
 23243 | IceCv    | Got the ring "Mots" {Ice rElec rN+ Int-2}
 23546 | Orc:1    | Reached XP level 16. HP: 88/88 MP: 24/24
 23633 | Orc:1    | Identified the +9 trident "Uhum" {vorpal, +Rage}
 23637 | Orc:1    | Identified the +11 mace of the Spectre {vorpal, Dex+2}
 23851 | Orc:1    | Noticed Urug
 23872 | Orc:1    | Killed Urug
 23873 | Orc:1    | Reached skill level 11 in Fighting
 24734 | Orc:1    | Identified the +9 mace "Orehoi" {antimagic, Int+2}
 24802 | Orc:2    | Entered Level 2 of the Orcish Mines
 25123 | Orc:2    | Found Qaigaw's Distillery.
 25123 | Orc:2    | Found Jucimp Ubai's Magic Scroll Boutique.
 25123 | Orc:2    | Found Duoschuno's Armour Shop.
 25126 | Orc:2    | Found Teoqeng's Assorted Antiques.
 25290 | Orc:2    | Found Sahuygh's Antique Weapon Boutique.
 25322 | Orc:2    | Bought an iridescent broad axe for 288 gold pieces
 25322 | Orc:2    | Identified the +11 broad axe "Itoorgh" {elec, rCorr Dex+4}
                  | (You bought it in a shop on level 2 of the Orcish Mines)
 25423 | Orc:2    | Found a staircase to the Elven Halls.
 25934 | D:14     | Found a runed translucent gate.
 25934 | D:14     | Found a runed translucent gate.
 25936 | D:14     | Found a runed translucent gate.
 26095 | D:14     | Noticed Nekam's ghost (journeyman DEFE)
 26249 | D:14     | Reached skill level 12 in Fighting
 26597 | D:14     | Found a gate to the Vaults.
 27210 | D:14     | Killed Nekam's ghost
 27250 | D:15     | Entered Level 15 of the Dungeon
 27581 | D:15     | Reached XP level 17. HP: 97/97 MP: 26/26
 27940 | D:15     | Found a staircase to the Depths.
 28295 | Spider:1 | Entered Level 1 of the Spider Nest
 28528 | Spider:1 | Reached skill level 13 in Fighting
 28780 | Spider:1 | Found a runed translucent door.
 28783 | Spider:1 | Noticed Duqoann's ghost (journeyman DgWn)
 28987 | Spider:1 | Killed Duqoann's ghost
 29384 | Spider:2 | Reached skill level 5 in Dodging
 30246 | Spider:3 | Reached XP level 18. HP: 96/103 MP: 28/28
 30686 | Spider:3 | Identified the +7 whip of a sewer {vorpal, rF+ SInv}
 30706 | Spider:4 | Entered Level 4 of the Spider Nest
 31375 | Spider:4 | Reached skill level 14 in Fighting
 31834 | Spider:4 | Got a gossamer rune of Zot
 32127 | Lair:1   | Killed waddelsworth's ghost
 32223 | Swamp:1  | Entered Level 1 of the Swamp
 32239 | Swamp:1  | Reached skill level 15 in Invocations
 32529 | Swamp:1  | You are sucked into a shaft and drop 1 floor!
 32986 | Swamp:2  | Reached XP level 19. HP: 109/109 MP: 30/30
 33699 | Swamp:3  | Identified the Papyrus of Reanimation Made Easy
 33846 | Swamp:4  | Entered Level 4 of the Swamp
 34548 | D:10     | Bought a masterwork hand axe for 160 gold pieces
 34548 | D:10     | Identified the +10 hand axe of the Owl {vorpal, rC++} (You
                  | bought it in a shop on level 10 of the Dungeon)
 34800 | Swamp:4  | Reached skill level 15 in Fighting
 35157 | Swamp:4  | Got a decaying rune of Zot
 35544 | Elf:1    | Entered Level 1 of the Elven Halls
 35657 | Elf:1    | Cast into level 2 of the Abyss (a wizard)
 35994 | Elf:1    | Escaped the Abyss
 36110 | Elf:1    | Found Bask's Antique Armour Shop.
 36131 | Elf:1    | Found Mabifes's Antique Weapon Boutique.
 36203 | Elf:1    | Found Pebuotz's General Store.
 36213 | Elf:1    | Found Hahyah's Weapon Emporium.
 36291 | Elf:1    | Paralysed by an air elemental for 1 turns
 36294 | Elf:1    | Paralysed by an air elemental for 1 turns
 36671 | Elf:1    | Found Keurid's Antique Armour Boutique.
 36679 | Elf:1    | Bought a pair of smoking boots for 380 gold pieces
 36679 | Elf:1    | Identified the +3 pair of boots of Follow the Leader
                  | {Rampage rElec rCorr} (You bought it in a shop on level 1
                  | of the Elven Halls)
 37077 | Elf:2    | Found Baur's Magic Scroll Shop.
 37137 | Elf:2    | Reached skill level 16 in Fighting
 37207 | Elf:2    | Reached XP level 20. HP: 117/117 MP: 31/31
 37529 | Elf:2    | Found a runed translucent gate.
 37529 | Elf:2    | Found a runed translucent gate.
 37530 | Elf:2    | Found a runed translucent gate.
 38324 | Elf:3    | Entered Level 3 of the Elven Halls
 38442 | Elf:3    | Found a shimmering blue altar of Sif Muna.
 39262 | Elf:3    | Reached skill level 17 in Fighting
 39381 | Elf:3    | Identified the ring "Umysip" {Will+ rCorr Int+6}
 39916 | Elf:3    | Gained mutation: You are occasionally teleported next to
                  | monsters. [a neqoxec]
 40159 | Elf:3    | Identified the +9 quarterstaff of Nougab {drain, Will+}
 40183 | Elf:3    | Reached XP level 21. HP: 126/126 MP: 32/32
 40277 | Elf:3    | Identified the Papyrus of the Rocks
 40305 | Elf:3    | Identified the Disquisition on Floating Flames
 40324 | Elf:3    | Identified the Catalogue of the Rocks
 40326 | Elf:3    | Identified the Volume of the Dusty Snowflakes
 40896 | Elf:1    | Bought a crude plate armour for 840 gold pieces
 40896 | Elf:1    | Identified the +1 plate armour of Feasting {rC++ Int+2}
                  | (You bought it in a shop on level 1 of the Elven Halls)
 41116 | Vaults:1 | Entered Level 1 of the Vaults
 41161 | Vaults:1 | Reached skill level 18 in Fighting
 41524 | D:11     | Lost mutation: You are frail. (-10% HP) [potion of
                  | mutation]
 41524 | D:11     | Lost mutation: You are occasionally teleported next to
                  | monsters. [potion of mutation]
 41524 | D:11     | Gained mutation: You passively map a small area around you.
                  | [potion of mutation]
 41524 | D:11     | Gained mutation: Your spells are a little harder to cast,
                  | but a little more powerful. [potion of mutation]
 41524 | D:11     | Gained mutation: You expend magic power (3 MP) to
                  | strengthen your wands. [potion of mutation]
 41697 | Vaults:1 | Noticed Asterion
 41712 | Vaults:1 | Killed Asterion
 41862 | Vaults:1 | Found a portal to a secret trove of treasure.
 43241 | Vaults:2 | Reached skill level 19 in Fighting
 43619 | Vaults:2 | Found a huge runed gate.
 43619 | Vaults:2 | Found a huge runed gate.
 43620 | Vaults:2 | Found a huge runed gate.
 43621 | Vaults:2 | Found a huge runed gate.
 43622 | Vaults:2 | Found a huge runed gate.
 43622 | Vaults:2 | Found a huge runed gate.
 43622 | Vaults:2 | Found a huge runed gate.
 43624 | Vaults:2 | Found a huge runed gate.
 43624 | Vaults:2 | Found a huge runed gate.
 43624 | Vaults:2 | Found a huge runed gate.
 43625 | Vaults:2 | Found a huge runed gate.
 43625 | Vaults:2 | Found a huge runed gate.
 43626 | Vaults:2 | Found a huge runed gate.
 43627 | Vaults:2 | Found a huge runed gate.
 43628 | Vaults:2 | Found a huge runed gate.
 43636 | Vaults:2 | Found a huge runed gate.
 43636 | Vaults:2 | Found a huge runed gate.
 43636 | Vaults:2 | Found a huge runed gate.
 43636 | Vaults:2 | Found a huge runed gate.
 43636 | Vaults:2 | Found a huge runed gate.
 43636 | Vaults:2 | Found a huge runed gate.
 43637 | Vaults:2 | Found a huge runed gate.
 43806 | Vaults:2 | Reached XP level 22. HP: 152/152 MP: 33/33
 43952 | Vaults:2 | Found a huge runed gate.
 43953 | Vaults:2 | Found a huge runed gate.
 43961 | Vaults:2 | Found a huge runed gate.
 43961 | Vaults:2 | Found a huge runed gate.
 43961 | Vaults:2 | Found a huge runed gate.
 43961 | Vaults:2 | Found a huge runed gate.
 43961 | Vaults:2 | Found a huge runed gate.
 43961 | Vaults:2 | Found a huge runed gate.
 44025 | Vaults:2 | Found a huge runed gate.
 44026 | Vaults:2 | Found a huge runed gate.
 44027 | Vaults:2 | Found a huge runed gate.
 44093 | Vaults:2 | Found a huge runed gate.
 44093 | Vaults:2 | Found a huge runed gate.
 44093 | Vaults:2 | Found a huge runed gate.
 44125 | Vaults:2 | Reached skill level 20 in Fighting
 44245 | Vaults:2 | Noticed a dread lich
 44278 | Vaults:2 | Killed a dread lich
 45330 | Vaults:3 | Reached skill level 21 in Fighting
 45348 | Vaults:3 | Reached skill level 15 in Armour
 45708 | Vaults:3 | Found a staircase to the Crypt.
 45936 | Vaults:3 | Reached XP level 23. HP: 127/160 MP: 31/34
 47000 | Vaults:4 | Found Vibuxt's General Store.
 47288 | Vaults:4 | Reached skill level 22 in Fighting
 47350 | Vaults:4 | Identified the +5 long sword "Culiuj" {vorpal, rN+ Dex+6}
 47528 | Vaults:4 | Identified the +6 chain mail "Hagutuiwk" {Str+2}
 48172 | Vaults:2 | Noticed Mafumol's ghost (adept GrEE)
 48172 | Vaults:2 | Noticed Qebur's ghost (veteran OpIE)
 48173 | Vaults:2 | Noticed Bonn's ghost (veteran KoDe)
 48174 | Vaults:2 | Noticed Baqim's ghost (adept MiBe)
 48175 | Vaults:2 | Noticed Ovifek's ghost (adept MiBe)
 48177 | Vaults:2 | Noticed Huerchoch's ghost (adept GnCj)
 48248 | Vaults:3 | Killed Bonn's ghost
 48254 | Vaults:3 | Killed Qebur's ghost
 48291 | Vaults:2 | Killed Ovifek's ghost
 48429 | Vaults:3 | Killed Huerchoch's ghost
 48450 | Vaults:3 | Killed Mafumol's ghost
 48506 | Vaults:2 | Killed Baqim's ghost
 48883 | Depths:1 | Entered Level 1 of the Depths
 48903 | Depths:1 | Noticed Mara
 48950 | D:15     | Noticed FullyGoyle's illusion
 48982 | D:15     | Killed Mara
 49128 | Depths:1 | Found Wuwo's Antique Armour Shoppe.
 49130 | Depths:1 | Found Zunwi's Distillery.
 49132 | Depths:1 | Found Ytudgh's Distillery.
 49286 | Depths:1 | Reached XP level 24. HP: 157/170 MP: 34/34
 49297 | Depths:1 | Reached skill level 23 in Fighting
 49633 | Depths:1 | Found a gateway to Hell.
 50026 | Depths:2 | Paralysed by a floating eye for 2 turns
 50482 | Depths:2 | Reached skill level 24 in Fighting
 50564 | Depths:2 | Identified the +1 scale mail of the Butcher {rElec rPois
                  | Will- Str+5}
 50593 | Depths:2 | Identified the +8 demon whip "Megeug" {elec, rCorr}
 50648 | Depths:2 | You are sucked into a shaft and drop 1 floor!
 50830 | Depths:3 | Noticed Nikola
 50855 | Depths:3 | Killed Nikola
 51191 | Depths:2 | Found Weocvell's Book Boutique.
 51191 | Depths:2 | Found Maefauloi's Jewellery Shoppe.
 51192 | Depths:2 | Found Heonei Houq's Book Boutique.
 51472 | Depths:2 | Found Katyhix's Antique Armour Boutique.
 51831 | Depths:3 | Found a one-way gate leading to the halls of Pandemonium.
 52726 | Depths:3 | Found a shimmering blue altar of Sif Muna.
 52778 | Depths:3 | Identified the ring "Ugief" {Fire Drain rPois rN+}
 53938 | Depths:4 | Reached XP level 25. HP: 180/180 MP: 34/34
 54111 | Depths:4 | Identified the +10 shortbow "Juute" {flame, Will+ rCorr
                  | Str-5}
 54258 | Depths:4 | Found a one-way gate to the infinite horrors of the Abyss.
 54647 | Depths:4 | Found the +2 hat of the Bear Spirit {Spirit, +Rage rN+
                  | Will++}
 54736 | Depths:4 | Identified the +7 fustibalus "Buinaite" {flame, rC++ Str-4
                  | Dex+4}
 55703 | Depths:5 | Entered Level 5 of the Depths
 55843 | Depths:5 | Found a blossoming altar of Fedhas.
 55865 | Depths:5 | Identified the ring "Vos Yddee" {Fly rElec}
 55868 | Depths:5 | Paralysed by a floating eye for 4 turns
 55881 | Depths:5 | Reached skill level 25 in Fighting
 55899 | Depths:5 | Found a transporter.
 55967 | Depths:5 | Found a sparkling altar of Nemelex Xobeh.
 55967 | Depths:5 | Found a transporter.
 56040 | Depths:5 | Identified the ring of Modesty {Fly rPois rF- rC+++ Int-4}
 56045 | Depths:5 | Noticed Saint Roka
 56171 | Depths:5 | Found a shimmering blue altar of Sif Muna.
 56182 | Depths:5 | Identified the ring "Motin" {AC+4 Dex+4}
 56503 | Depths:5 | Found a gate to the Realm of Zot.
 56633 | Depths:5 | Killed Saint Roka
 56663 | Depths:5 | Reached XP level 26. HP: 189/189 MP: 34/34
 56867 | Depths:5 | Reached skill level 26 in Fighting
 56934 | Depths:5 | Found a gateway to a ziggurat.
 57474 | Depths:1 | Bought a smoking plate armour for 952 gold pieces
 57474 | Depths:1 | Identified the +8 plate armour of Discretion {rPois rN+++
                  | Str-4 Dex-2} (You bought it in a shop on level 1 of the
                  | Depths)
 57936 | Vaults:5 | Entered Level 5 of the Vaults
 57999 | Vaults:5 | Noticed a dread lich
 58043 | Vaults:5 | Killed a dread lich
 58044 | Vaults:5 | Reached skill level 27 in Fighting
 58059 | Vaults:5 | Noticed an ancient lich
 58170 | Vaults:5 | Identified the ring of Summertime {rF+ Will+ rCorr Dex+3
                  | Slay-4}
 58318 | Vaults:5 | Acquired 1352 gold pieces
 58349 | Vaults:5 | Noticed Frederick
 58372 | Vaults:5 | Killed Frederick
 58412 | Vaults:5 | Reached XP level 27. HP: 130/199 MP: 33/34
 58419 | Vaults:5 | Killed an ancient lich
 58753 | Vaults:5 | Got a silver rune of Zot
 59043 | Vaults:5 | Identified Sif Muna's Collected Works on Floating Stolen
                  | Souls
 59045 | Vaults:5 | Identified the +3 cloak of Neopovvohukk {rElec Regen+
                  | Int+4}
 59051 | Vaults:5 | Identified the Reference Book on Stones and the Birds
 59385 | Vaults:5 | Identified the Handbook of the Scorching Mountains
 59473 | Vaults:5 | Identified the +2 flail of the Magic Mushroom {flame, rC+
                  | rCorr}
 59486 | Vaults:5 | Upgraded the game from 0.27-a0-1317-gd1140b374c to
                  | 0.27-a0-1381-g81fdcbfb23
 59885 | Elf:1    | Bought the +2 shield of Resistance {rF++ rC++ Will++} for
                  | 2596 gold pieces
 59885 | Elf:1    | Found the +2 shield of Resistance {rF++ rC++ Will++}
 59885 | Elf:1    | Bought an emerald-encrusted chain mail for 380 gold pieces
 59885 | Elf:1    | Identified the +6 chain mail of the Ego {-Cast Str+7} (You
                  | bought it in a shop on level 1 of the Elven Halls)
 60258 | Depths:1 | Bought 2 potions of resistance for 340 gold pieces
 60258 | Depths:1 | Bought a potion of haste for 170 gold pieces
 60258 | Depths:1 | Bought a potion of heal wounds for 85 gold pieces
 60258 | Depths:1 | Bought a potion of curing for 51 gold pieces
 60258 | Depths:1 | Bought a potion of magic for 136 gold pieces
 60258 | Depths:1 | Bought a potion of heal wounds for 85 gold pieces
 60258 | Depths:1 | Bought a potion of mutation for 136 gold pieces
 60260 | Depths:1 | Bought a potion of heal wounds for 65 gold pieces
 60260 | Depths:1 | Bought a potion of heal wounds for 65 gold pieces
 60260 | Depths:1 | Bought a potion of haste for 130 gold pieces
 60260 | Depths:1 | Bought a potion of haste for 130 gold pieces
 60260 | Depths:1 | Bought a potion of curing for 39 gold pieces
 60260 | Depths:1 | Bought a potion of haste for 130 gold pieces
 60260 | Depths:1 | Bought a potion of heal wounds for 65 gold pieces
 60260 | Depths:1 | Bought a potion of curing for 39 gold pieces
 60513 | Vaults:4 | Bought 2 potions of magic for 272 gold pieces
 60781 | D:10     | Bought a scroll of fog for 22 gold pieces
 60781 | D:10     | Bought a scroll of teleportation for 33 gold pieces
 60781 | D:10     | Bought a wand of digging (7) for 242 gold pieces
 60781 | D:10     | Bought a potion of curing for 33 gold pieces
 60853 | Orc:2    | Bought a potion of haste for 150 gold pieces
 60853 | Orc:2    | Bought a potion of heal wounds for 75 gold pieces
 60853 | Orc:2    | Bought a potion of might for 60 gold pieces
 60854 | Orc:2    | Bought a scroll of blinking for 127 gold pieces
 60854 | Orc:2    | Bought a scroll of fog for 34 gold pieces
 60854 | Orc:2    | Bought a scroll of teleportation for 51 gold pieces
 60854 | Orc:2    | Bought a scroll of teleportation for 51 gold pieces
 60857 | Orc:2    | Bought a potion of might for 100 gold pieces
 60857 | Orc:2    | Bought a potion of haste for 250 gold pieces
 60924 | Elf:2    | Bought a scroll of teleportation for 57 gold pieces
 60987 | Elf:1    | Bought a crystal trident for 348 gold pieces
 60987 | Elf:1    | Identified the +11 trident of Amortisation {vorpal,
                  | *Corrode rF+ Str+3 Dex+3} (You bought it in a shop on level
                  | 1 of the Elven Halls)
 61395 | Zot:1    | Entered Level 1 of the Realm of Zot
 61904 | Zot:1    | You are sucked into a shaft and drop 1 floor!
 63293 | D:11     | Acquired the ring "Xopharch" {rF- rC+ Int+7 Dex+2 SInv}
 65751 | Zot:5    | Entered Level 5 of the Realm of Zot
 65944 | Zot:5    | Identified the +5 halberd of Psychosis {speed, Contam rN+
                  | Dex+2}
 66321 | Zot:5    | Noticed an orb of fire
 66328 | Zot:5    | Killed an orb of fire
 66332 | Zot:5    | Noticed an orb of fire
 66341 | Zot:5    | Noticed an orb of fire
 66344 | Zot:5    | Noticed an orb of fire
 66345 | Zot:5    | Noticed an orb of fire
 66355 | Zot:5    | Killed an orb of fire
 66364 | Zot:5    | Noticed an orb of fire
 66375 | Zot:5    | Gained mutation: Your magical capacity is low. (-10% MP)
                  | [an orb of fire]
 66377 | Zot:5    | Killed an orb of fire
 66380 | Zot:5    | Noticed an orb of fire
 66410 | Zot:5    | Noticed an orb of fire
 66411 | Zot:5    | Killed an orb of fire
 66422 | Zot:5    | Gained mutation: You sometimes lose the ability to read
                  | scrolls when taking damage. [an orb of fire]
 66423 | Zot:5    | Killed an orb of fire
 66427 | Zot:5    | Noticed an orb of fire
 66441 | Zot:5    | Killed an orb of fire
 66459 | Zot:5    | Killed an orb of fire
 66462 | Zot:5    | Lost mutation: Your spells are a little harder to cast, but
                  | a little more powerful. [an orb of fire]
 66463 | Zot:5    | Noticed an ancient lich
 66469 | Zot:5    | Gained mutation: You are frail. (-10% HP) [an orb of fire]
 66490 | Zot:5    | Killed an orb of fire
 66524 | Zot:5    | Killed an orb of fire
 66540 | Zot:5    | Killed an ancient lich
 66605 | Zot:5    | Lost mutation: You passively map a small area around you.
                  | [potion of mutation]
 66605 | Zot:5    | Lost mutation: You expend magic power (3 MP) to strengthen
                  | your wands. [potion of mutation]
 66605 | Zot:5    | Gained mutation: Your flesh is heat resistant. (rF+)
                  | [potion of mutation]
 66605 | Zot:5    | Gained mutation: You possess an exceptional clarity of
                  | mind. [potion of mutation]
 66606 | Zot:5    | Lost mutation: You sometimes lose the ability to read
                  | scrolls when taking damage. [potion of mutation]
 66606 | Zot:5    | Lost mutation: You are frail. (-10% HP) [potion of
                  | mutation]
 66606 | Zot:5    | Gained mutation: You are clumsy. (Dex -2) [potion of
                  | mutation]
 66606 | Zot:5    | Gained mutation: You have large cloven feet. [potion of
                  | mutation]
 66606 | Zot:5    | Gained mutation: Your skin changes colour to match your
                  | surroundings (Stealth+). [potion of mutation]
 66855 | Zot:5    | Gained mutation: You sometimes lose the ability to read
                  | scrolls when taking damage. [mutagenic glow]
 67078 | Zot:5    | Got the Orb of Zot
 67195 | Depths:5 | Noticed Qiotsur the pandemonium lord
 67373 | D:14     | Noticed Edolen the pandemonium lord
 67758 | D:1      | Woot!
 67759 | D:$      | Escaped with the Orb!

Illustrated notes

###.....##....#....###.##.# #.
8##....###...###....#####.## #.
..##...# #..## ###..# #..# #.
..8##..# #..# ##.## ##.# ##.
....##.# ##.## #..# #.####..
....8#.# #..## ##..# #.##....
.....'.# ##..####..######.#....#
....8#.# ##...##..#..........##
....##># #####.@..#######...####
..8###.# ##..####### #.........#
..##...###..##.# #####.........#
8##...###..##..###.............#
##..#)# #.##..##.............).#
....#.# #.##.###.#...#.........#
###.#.###.##.###.#...#.....>...#
# #.#.....##.##..#...#.........#
###.#####.##.##.##...#.........#


Turn 67758 on D:1: Woot!

Levels and vault maps discovered:
D:1:      dpeg_arrival_round_b, layout_rooms, hex_large, dk_noncrumbling_4
D:2:      layout_loops_corners, uniq_jessica
D:3:      layout_loops_ring, lemuel_coloured_pillars_altar,
          hellmonk_ecumenical_altar_arch_garden, uniq_sigmund
D:4:      layout_cave_pools, cheibriados_altar_1, overflow_temple_1_default,
          minmay_temple_entry_butterflies, uniq_crazy_yiuf_cottage,
          uniq_eustachio
D:5:      layout_cave_pods, overflow_temple_1_default, minmay_misc_feat_encased,
          minmay_hedge_maze
D:6:      layout_cave_pods, old_standard_altar, dancing_weapons_uskayaw,
          minmay_a_box_with_orc_wizards_in_it
D:7:      lemuel_castle_with_subvaults [lemuel_castle_interior_carwin_3],
          layout_gridville, bloody_trog, minitemple, kennysheep_cluttered_room
D:8:      layout_cave_pools, gammafunk_ghost_berserking_beasts,
          uniq_prince_ribbit1
D:9:      layout_rooms, grunt_temple_overflow_opulence,
          nicolae_tso_swordbearing_angel, hangedman_weighted_door,
          minmay_misc_feat_tiny
D:10:     layout_loops_cross, erik_orc_4, serial_shops, shop,
          nicolae_inconvenience_store, shop, shop
D:11:     layout_irregular_city, due_lair_maze_entry_diamond,
          minmay_stone_trees_medium, minivault_16
D:12:     layout_loops_ring, uniq_frances
D:13:     layout_cave_pods, serial_shops, kennysheep_mini, uniq_snorg,
          uniq_maurice
D:14:     layout_basic, skrybe_vaults_entry_preservation, gammafunk_ghost_icy,
          serial_aquarium, aquarium_bridge_square [aquarium_subvault_window,
          aquarium_subvault_window, aquarium_subvault_wall,
          aquarium_subvault_bridge], aquarium_bridge_square
          [aquarium_subvault_window, aquarium_subvault_wall,
          aquarium_subvault_wall, aquarium_subvault_bridge],
          aquarium_window_fake, aquarium_window_fake, aquarium_view_2e,
          aquarium_view_2c, aquarium_pool_split, special_room
          [special_room_orc], minivault_4
D:15:     hangedman_depths_entry_civil_slaughter, layout_loops_cross,
          serial_park_square1 [serial_park_minivault_5x5_3], corner_web_ring
Temple:   compressed_dpeg_triangle_lava_temple
Lair:1:   layout_small_grid, ebering_ghost_rock_garden, grunt_megastairs_1
Lair:2:   layout_cave_pods, spider_nest_entry_webs, infiniplex_staircase_pool_2,
          lemuel_fruit_fields
Lair:3:   layout_small_grid, nicolae_swamp_entry_splash_gauntlet,
          grunt_megastairs_5, infiniplex_staircase_pool
Lair:4:   layout_layer_cave, minivault_24, lookout_lair_type,
          grunt_megastairs_4, lemuel_fruit_fields
Lair:5:   layout_layer_cave, grunt_megastairs_3
Lair:6:   guppyfry_lair_end_dragon, layout_cave_pods, wormcave,
          dpeg_slime_entry_enclosed_altar, ebering_ghost_reflecting_pool
Swamp:1:  layout_falls_marsh, evilmike_swamp_ruin_house_1
Swamp:2:  layout_basic_swamp, evilmike_swamp_ruin_rubble_1
Swamp:3:  layout_falls_marsh, serial_swamp_ruin, evilmike_swamp_ruin_house_3,
          evilmike_swamp_ruin_rubble_2, swamp_pool3,
          nicolae_swamp_necromancy_gone_wrong
Swamp:4:  swamp_basic_johnstein, layout_basic_swamp
Spider:1: layout_spider_delve, gammafunk_ghost_grave
Spider:2: layout_spider_delve, nicolae_spider_webbed_stairs
Spider:3: layout_spider_delve
Spider:4: floodkiller_spider_rune_tomb, nicolae_spider_bug_shape
Orc:1:    giant_chief_lemuel, layout_caves, portal_ice_cave_entry_ice_beasts,
          uniq_urug
Orc:2:    st_orc_rangers, layout_caves, serial_shops, shop_statue,
          bh_open_orc_temple
Elf:1:    layout_loops_corners, serial_shops, shop, shop, nicolae_shop_trees,
          nicolae_shop_trees, shop_fountains, hangedman_elf_disciples,
          st_stairs_5
Elf:2:    layout_geoelf_octagon, special_room [special_room_orc], serial_shops,
          nicolae_shop_waterfront, serial_sigils_hangedman_carve
Elf:3:    minmay_elf_hall_x, layout_geoelf_octagon, basic_altar, wad_dig_loot
Vaults:1: ontoclasm_vaults_shuriken, hangedman_vaults_slither,
          hangedman_vaults_stretched_pinwheel, ontoclasm_vaults_tryst,
          nicolae_vaults_halls_meeting, nicolae_vaults_diagonal_hallway_6,
          nicolae_vaults_alarming, vaults_room_hallway, serial_ice_g,
          ontoclasm_vaults_ligature, nicolae_vaults_theta,
          layout_vaults_chaotic_city, enter_trove_5, uniq_asterion
Vaults:2: gammafunk_vaults_ghost_door_vault, hangedman_vaults_trim, v_misc_9,
          dpeg_vaults_monster_row, v_alt_pattern_3,
          nicolae_vaults_network_square, v_misc_17,
          nicolae_vaults_sealed_display, ontoclasm_vaults_gateway, v_pattern_4,
          vaults_room_semicircle, layout_vaults_maze_bifur
Vaults:3: hangedman_vaults_stretched_pinwheel, st_greater_box_1,
          minmay_crypt_entry_nasty_monster, vaults_dpeg_spiral, v_misc_5,
          ontoclasm_vaults_decontamination, vaults_room_pool,
          ontoclasm_vaults_loading_screen, vaults_room_fours, vaults_room_pools,
          layout_vaults_omnigrid
Vaults:4: vaults_room_fancy_cross, v_misc_4, vaults_mumra_chevron_long,
          nicolae_vaults_big_ls, nicolae_vaults_asterisk, vaults_room_grid,
          v_rooms_3, v_misc_24, vaults_standard_mumra_x,
          vaults_mumra_minichess_inversion, v_alt_pattern_6,
          ontoclasm_vaults_idyll, vaults_room_hangedman_quadrants,
          nicolae_vaults_little_squares_2, nicolae_vaults_little_squares_3,
          layout_vaults_omnibox, serial_shops, shop
Vaults:5: uniq_frederick
Depths:1: layout_forbidden_donut, grunt_hell_entry_dis_mu, drop_trap,
          kennysheep_generic_room_6, minmay_shop_star, uniq_mara
Depths:2: minmay_the_grid_3x3 [minmay_the_grid_zigzag_pyramid,
          minmay_the_grid_paths, minmay_the_grid_tree, minmay_the_grid_square_x,
          minmay_the_grid_mess, minmay_the_grid_holed_spiral,
          minmay_the_grid_small_cups, minmay_the_grid_empty,
          minmay_the_grid_prize_trominoes], layout_gridlike, serial_shops, shop,
          serial_bayou_shore_b, hangedman_coc_ice_floe, grunt_decor_cap,
          minmay_shop_grove, infiniplex_staircase_spiral
Depths:3: minmay_crystal_thing, layout_basic, ebering_dispersal_statue_hall,
          rand_demon_pan_entry_9, hell_entry, minmay_staircase_windowed_large,
          uniq_nikola
Depths:4: kennysheep_four_of_diamonds, layout_basic, grunt_mini_vestibule,
          grunt_pan_entry_in_and_out, hangedman_abyss_entry_splay
Depths:5: hangedman_spin_cycle, hell_entry
Zot:1:    layout_cellular_growth
Zot:2:    layout_basic, hangedman_zot_diagonal_lockstep, zot_minivault_5
Zot:3:    layout_onion, grunt_ministairs_6
Zot:4:    layout_misc_corridors
Zot:5:    layout_cathedral_of_symmetry

Skill      XL: |  1  2  3  4  5  6  7  8  9 10 11 12 13 14 15 16 17 18 19 20 21 22 23 24 25 26 27 |
---------------+----------------------------------------------------------------------------------+-----
Axes           | 2 3 4 5 7 8 10 12 14 15 16 17 18 19 24 | 24.7
Armour         | 4 5 6 8 9 10 11 12 13 14 15 16 18 22 | 22.7
Shields        | 4 5 6 8 9 10 12 13 15 16 17 18 19 20 21 22 23 24 25 | 25.0
Invocations    | 2 3 4 5 7 8 9 11 12 14 15 | 15.0
Fighting       | 4 5 6 7 8 10 12 13 14 16 17 19 21 22 24 25 27 | 27.0
Dodging        | 1 2 3 5 6 7 8 9 |  9.2

Action                   |  1- 3 |  4- 6 |  7- 9 | 10-12 | 13-15 | 16-18 | 19-21 | 22-24 | 25-27 || total
-------------------------+-------+-------+-------+-------+-------+-------+-------+-------+-------++-------
Melee: War axe           |    98 |       |       |       |       |       |    52 |    23 |   235 ||   408
       Broad axe         |    24 |   148 |   319 |   610 |  1047 |  1474 |  1702 |  1888 |  2255 ||  9467
       Mace              |       |       |       |     6 |    20 |    65 |       |       |       ||    91
       Whip              |       |       |       |       |       |    11 |    46 |       |       ||    57
Throw: Dart              |       |       |       |       |       |     4 |       |       |       ||     4
Invok: Upheaval          |       |       |       |    17 |     1 |    12 |    12 |    13 |     2 ||    57
       Elemental Force   |       |       |       |     1 |     5 |     4 |       |       |       ||    10
       Disaster Area     |       |       |       |       |       |     2 |     3 |     2 |    11 ||    18
Evoke: Wand              |       |     3 |     1 |       |       |       |       |     1 |       ||     5
  Use: Scroll            |     1 |     1 |    19 |     9 |     3 |       |     2 |       |    26 ||    61
       Potion            |       |       |     2 |       |       |       |     1 |     1 |    16 ||    20
 Stab: Petrified         |       |       |       |       |    12 |       |       |       |       ||    12
       Distracted        |       |       |       |       |     1 |       |       |       |       ||     1
       Paralysed         |       |       |       |       |     1 |       |       |       |       ||     1
Armor: Scale mail        |    43 |       |       |       |       |       |       |       |       ||    43
       Chain mail        |    39 |   129 |   195 |    22 |       |       |       |       |    60 ||   445
       Plate armour      |       |       |       |   262 |   290 |   919 |   555 |   471 |   491 ||  2988
       Ice dragon scales |       |       |       |       |    28 |       |       |       |       ||    28
       Gold dragon scale |       |       |       |       |       |       |       |       |   677 ||   677
Dodge: Dodged            |    31 |    29 |    71 |    79 |   135 |   212 |   178 |   212 |   476 ||  1423
       Repelled          |       |       |       |       |     7 |     3 |    10 |     9 |    36 ||    65
Block: Kite shield       |    70 |    84 |   200 |   472 |   906 |    25 |       |       |  1397 ||  3154
       Reflection        |       |       |       |     2 |    14 |       |       |       |       ||    16
       Tower shield      |       |       |       |       |       |  2184 |  1762 |  1779 |  1262 ||  6987

Table legend: (Time is in decaauts)
 A = Elapsed time spent in this place.
 B = Non-inter-level travel time spent in this place.
 C = Inter-level travel time spent in this place.
 D = Time resting spent in this place.
 E = Time spent auto-exploring this place.
 F = Levels seen in this place.
 G = Mean time per level.
                   A        B        C        D        E       F      G
               +--------+--------+--------+--------+--------+-----+--------+
         Total |  66121 |  53753 |  12368 |   3514 |  31162 |  52 | 1271.6 |
       Dungeon |  21958 |  17328 |   4630 |   1959 |  10554 |  15 | 1463.9 |
        Temple |    305 |    266 |     39 |      0 |    264 |   1 |  305.0 |
          Lair |   7435 |   6276 |   1159 |    247 |   4601 |   6 | 1239.2 |
         Swamp |   2790 |   2436 |    354 |     21 |   1605 |   4 |  697.5 |
   Spider Nest |   3521 |   3157 |    364 |    169 |   1797 |   4 |  880.2 |
  Orcish Mines |   2800 |   1970 |    830 |      3 |   1330 |   2 | 1400.0 |
   Elven Halls |   4781 |   3986 |    795 |    184 |   1725 |   3 | 1593.7 |
        Vaults |   8950 |   7326 |   1624 |    204 |   3988 |   5 | 1790.0 |
        Depths |   7964 |   5691 |   2273 |    201 |   3099 |   5 | 1592.8 |
           Zot |   4729 |   4431 |    298 |    311 |   2119 |   5 |  945.8 |
         Abyss |    315 |    315 |      0 |    106 |      0 |   1 |  315.0 |
      Ice Cave |    567 |    567 |      0 |    108 |     80 |   1 |  567.0 |
               +--------+--------+--------+--------+--------+-----+--------+

Top non-repeatable levels by time:
    D:14: 2618 daAuts
    D:11: 2286 daAuts
Vaults:2: 2186 daAuts
Vaults:1: 2008 daAuts
Vaults:3: 1931 daAuts
     D:7: 1902 daAuts
     D:2: 1895 daAuts
   Elf:3: 1890 daAuts
     D:1: 1855 daAuts
    D:10: 1816 daAuts
  Lair:6: 1791 daAuts
   Orc:1: 1770 daAuts
Depths:3: 1753 daAuts
Depths:2: 1712 daAuts
Depths:1: 1689 daAuts
